 Dungeon Crawl Stone Soup version 0.17-a0-1635-gd4e48f1 (webtiles) character file.

6167 KINGKRU the Blocker (level 10, -5/89 HPs)
             Began as a Minotaur Fighter on Aug 5, 2015.
             Was an Elder of Makhleb.
             Slain by a troll (9 damage)
             ... led by an orc high priest
             ... on level 3 of the Orcish Mines.
             The game lasted 01:07:58 (9606 turns).

KINGKRU the Blocker (Minotaur Fighter)              Turns: 9606, Time: 01:07:59

Health: -5/89      AC: 23    Str: 22 (24) XL:     10   Next: 60%
Magic:  18/18      EV:  8    Int:  5      God:    Makhleb [****..]
Gold:   1144       SH: 12    Dex: 10      Spells: 0 memorised, 9 levels left

rFire  . . .     SeeInvis .     a - +0 falchion (protect)
rCold  . . .     Clarity  .     E - +0 plate armour
rNeg   . . .     SustAt   .     c - +0 shield
rPois  +         Gourm    .     (helmet restricted)
rElec  .         Spirit   .     t - +0 cloak
rCorr  .         Warding  .     (no gloves)
rMut   .         Stasis   .     q - +1 pair of boots
MR     .....                    (no amulet)
Stlth  ..........               n - ring of poison resistance
                                s - ring of the Sun {MP+9 Slay+2}

@: very slightly contaminated, not resistant to hostile enchantments, extremely
unstealthy
A: retaliatory headbutt, horns 2
a: Minor Destruction, Lesser Servant of Makhleb, Major Destruction, Renounce
Religion


You were on level 3 of the Orcish Mines.
You worshipped Makhleb.
Makhleb was greatly pleased with you.
You were not hungry.

You visited 2 branches of the dungeon, and saw 12 of its levels.

You collected 1144 gold pieces.

Inventory:

Hand weapons
 a - a +0 falchion of protection (weapon)
Missiles
 b - 18 bolts of flame
 d - 65 poisoned needles
 k - 7 needles of paralysis
 u - 6 needles of sleeping (quivered)
Armour
 c - a +0 shield (worn)
 f - a +4 chain mail
 q - a +1 pair of boots (worn)
 t - a +0 cloak (worn)
 E - a +0 plate armour (worn)
Jewellery
 n - a ring of poison resistance (right hand)
 s - the ring of the Sun (left hand) {MP+9 Slay+2}
   (You acquired it on level 5 of the Dungeon)

   [ring of magical power]

   It affects your accuracy and damage with ranged weapons and melee attacks
   (+2).
   It affects your magic capacity (+9).
 y - an uncursed ring of see invisible
Magical devices
 h - a wand of confusion (24)
 m - a wand of random effects (48)
 w - a wand of teleportation (3)
Scrolls
 l - 2 scrolls of magic mapping
 o - 2 scrolls of amnesia
 A - a scroll of blinking
 F - a scroll of remove curse
 G - a scroll of teleportation
Potions
 g - 3 potions of degeneration
 i - 2 potions of cancellation
 j - 2 potions of mutation
 p - 2 potions of brilliance
 r - a potion of berserk rage
 B - a potion of haste
Comestibles
 e - 6 bread rations
 x - 2 slices of pizza
 z - a fruit


   Skills:
 + Level 8.3 Fighting
 + Level 9.5 Long Blades
 + Level 9.7 Armour
 + Level 5.3 Dodging
 + Level 1.0 Stealth
 + Level 11.0 Shields


You had 9 spell levels left.
You didn't know any spells.

Dungeon Overview and Level Annotations

Branches:
Dungeon (9/15)                Orc (3/4) D:9             Elf (0/3) Orc:3
 Temple: D:4-7         Lair: D:8-11

Altars:
Ashenzari
Dithmenos
Makhleb
Qazlal
Trog
Vehumet
Xom
Beogh


Innate Abilities, Weirdness & Mutations

You reflexively headbutt those who attack you in melee.
You have a pair of horns on your head.


Message History

The sun demon disappears in a puff of smoke!
The orc priest calls down the wrath of Beogh upon you.
Pain shoots through your body!
The orc priest invokes the aid of Beogh against you.
Pain shoots through your body!
The blue devil disappears in a puff of smoke!
The orc priest miscasts a cantrip.
The troll bites you! You block the troll's attack.
The troll claws you but does no damage.
The orc priest invokes the aid of Beogh against you.
Something smites you!
* * * LOW HITPOINT WARNING * * *
Your shield and plate armour prevent you from hitting the troll.
You headbutt the troll, but do no damage.
The troll bites you!
* * * LOW HITPOINT WARNING * * *
The troll claws you but does no damage. You block the troll's attack.
The troll closely misses you. You furiously retaliate!
You headbutt the troll! The troll claws you!
You die...

.. .. .. ## ### # ### .## #.# ###
##.####### ..## ###T.
#.###.....#..######...### #.4O.
..#...........##@<....#.#####.oo.
.......##)...##..T.......##..§...
....≈...###..#..........###......
.≈≈≈≈..## #....oo........#33.....
..≈≈...# #.....o...#............
.≈.≈≈..# #........###.........#.
...)...# #......#####.)......###
...)[.## #...#..O.#.##.))).....#
...#### #....#...................


You could see an orc high priest, a troll, an ogre, an orc priest and an orc.

Vanquished Creatures
  An unseen horror (D:9)
  Prince Ribbit (D:8)
  Eustachio (D:5)
  A hippogriff (D:7)
  A hungry ghost (D:8)
  4 yaks (D:9)
  A human (D:7)
  A warg (Orc:1)
  2 ice beasts (D:8)
  2 ogres
  Duvessa (D:7)
  4 orc warriors (Orc:2)
  2 sky beasts (D:8)
  2 black bears (D:7)
  3 centaurs
  A gnoll sergeant (D:6)
  Dowan (D:7)
  2 giant frogs
  4 scorpions
  7 killer bees
  4 crimson imps
  3 iguanas
  A centaur zombie (D:7)
  13 orc priests
  A giant frog zombie (D:9)
  2 giant frog skeletons
  A centaur skeleton (D:8)
  3 jellies
  A gnoll shaman (D:9)
  6 hounds
  A quasit (D:9)
  4 worker ants
  9 orc wizards
  4 sheep (D:7)
  Robin (D:4)
  17 gnolls
  13 adders
  2 shadow imps (D:8)
  2 oozes
  3 adder zombies
  6 worms
  4 giant geckos
  74 orcs
  2 ball pythons
  7 bats
  4 giant cockroaches
  18 goblins
  13 hobgoblins
  7 jackals
  5 kobolds
  2 quokkas
  A giant gecko skeleton (D:8)
  6 giant newts
  A quokka skeleton (D:4)
  9 rats
292 creatures vanquished.

Vanquished Creatures (others)
  A quokka (D:3)
  A giant newt (D:3)
  A goblin (D:3)
3 creatures vanquished.

Grand Total: 295 creatures vanquished

Notes
Turn   | Place    | Note
--------------------------------------------------------------
     0 | D:1      | KINGKRU the Minotaur Fighter began the quest for the Orb.
     0 | D:1      | Reached XP level 1. HP: 19/19 MP: 0/0
   103 | D:1      | Reached skill level 4 in Shields
   272 | D:1      | Reached XP level 2. HP: 27/27 MP: 1/1
   926 | D:1      | Reached XP level 3. HP: 29/33 MP: 2/2
  1310 | D:2      | Found a stormy altar of Qazlal.
  1332 | D:2      | Reached XP level 4. HP: 24/40 MP: 3/3
  1761 | D:2      | Reached skill level 5 in Shields
  1871 | D:2      | Reached XP level 5. HP: 47/47 MP: 4/4
  2631 | D:3      | Found a radiant altar of Vehumet.
  2653 | D:3      | Found a shimmering altar of Xom.
  2904 | D:3      | Reached skill level 5 in Armour
  2904 | D:3      | Reached skill level 1 in Dodging
  2904 | D:3      | Reached XP level 6. HP: 47/53 MP: 5/5
  3386 | D:4      | Noticed Robin
  3417 | D:4      | Killed Robin
  3667 | D:4      | Reached XP level 7. HP: 60/60 MP: 6/6
  3698 | D:5      | Entered Level 5 of the Dungeon
  3710 | D:5      | Noticed Eustachio
  3722 | D:5      | Reached skill level 6 in Armour
  3748 | D:5      | Killed Eustachio
  3748 | D:5      | Reached skill level 5 in Long Blades
  4214 | D:5      | Reached skill level 5 in Fighting
  4290 | D:5      | Identified a scroll of acquirement
  4293 | D:5      | Got a flickering tin ring
  4294 | D:5      | Identified the ring of the Sun {MP+9 Slay+2} (You acquired it on level 5 of the Dungeon)
  4700 | D:6      | Reached skill level 7 in Armour
  4746 | D:6      | Reached XP level 8. HP: 69/69 MP: 7/7
  5858 | D:7      | Noticed Duvessa
  5862 | D:7      | Reached skill level 8 in Shields
  5869 | D:7      | Noticed Dowan
  5871 | D:7      | Killed Duvessa
  5878 | D:7      | Reached XP level 9. HP: 58/77 MP: 8/8
  5883 | D:7      | Killed Dowan
  6691 | D:8      | Found a burning altar of Makhleb.
  6697 | D:8      | Reached skill level 9 in Shields
  6707 | D:8      | Found a bloodstained altar of Trog.
  6709 | D:8      | Found a shattered altar of Ashenzari.
  6742 | D:8      | Became a worshipper of Makhleb the Destroyer
  6802 | D:8      | Reached skill level 1 in Stealth
  6852 | D:8      | Noticed Prince Ribbit
  6911 | D:8      | Acquired Makhleb's first power
  6925 | D:8      | Reached skill level 5 in Dodging
  6929 | D:8      | Killed Prince Ribbit
  7409 | D:9      | Reached XP level 10. HP: 69/86 MP: 9/9
  7418 | D:9      | Reached skill level 10 in Shields
  7662 | D:9      | Noticed an unseen horror
  7681 | D:9      | Killed an unseen horror
  7721 | D:9      | Found a shadowy altar of Dithmenos.
  7966 | D:9      | Found a staircase to the Orcish Mines.
  8015 | D:9      | Acquired Makhleb's second power
  8034 | D:9      | Found a roughly hewn altar of Beogh.
  8073 | Orc:1    | Entered Level 1 of the Orcish Mines
  8336 | Orc:2    | Acquired Makhleb's third power
  9053 | Orc:3    | Reached skill level 11 in Shields
  9189 | Orc:3    | Found a staircase to the Elven Halls.
  9426 | Orc:3    | Acquired Makhleb's fourth power
  9565 | Orc:3    | Noticed an orc high priest
  9571 | Orc:3    | Noticed a sun demon
  9605 | Orc:3    | HP: 4/89 [troll[an orc high priest] (12)]
  9606 | Orc:3    | Slain by a troll

Vault maps used:
D:1:      dpeg_arrival_arbitrary_c, hangedman_feature_mirror
D:2:      nicolae_qazlal_general_emergency, grunt_decor_resistance
D:3:      fiery_altar_vehumet, lemuel_crystal_altar
D:4:      st_stairs_13, uniq_crazy_yiuf_cottage, uniq_robin
D:5:      first_bread, uniq_eustachio
D:7:      minmay_temple_entry_enclosed_plants, grunt_livestock, minivault_1,
          minmay_misc_feat_pillars, uniq_duvessa
D:8:      grunt_temple_overflow_open, hangedman_decor_push, uniq_prince_ribbit1
D:9:      lemuel_doored_altar, minmay_orc_entry_temple_small
Orc:1:    basic_altar
Orc:3:    orc_temple, nicolae_orc_pool_cavern

Action                   |  1- 3 |  4- 6 |  7- 9 | 10-12 || total
-------------------------+-------+-------+-------+-------++-------
Melee: Long sword        |    96 |   185 |   409 |   226 ||   916
       Falchion          |       |       |       |    78 ||    78
Evoke: Wand              |       |       |     1 |       ||     1
  Use: Potion            |     3 |     6 |     2 |     4 ||    15
       Scroll            |       |     9 |    15 |     3 ||    27
  Eat: Bread ration      |     1 |     2 |       |       ||     3
       Beef jerky        |       |       |     3 |       ||     3
       Royal jelly       |       |       |     1 |       ||     1
       Pizza             |       |       |     2 |     3 ||     5
       Fruit             |       |       |     1 |     1 ||     2
       Meat ration       |       |       |       |     1 ||     1
